 Dungeon Crawl Stone Soup version 0.21.1-1-g345015f (webtiles) character file.

329 Iko the Insei (level 6, 0/55 HPs)
             Began as a Deep Dwarf Transmuter on May 4, 2018.
             Was a Follower of Yredelemnul.
             Slain by emiel's ghost (11 damage)
             ... on level 6 of the Dungeon.
             The game lasted 00:15:51 (1518 turns).

Iko the Insei (Deep Dwarf Transmuter)               Turns: 1518, Time: 00:15:52

Health: 0/55       AC:  3    Str: 16    XL:     6   Next: 25%
Magic:  7/7        EV: 13    Int: 14    God:    Yredelemnul [*.....]
Gold:   57         SH:  0    Dex: 14    Spells: 8/9 levels left

rFire    . . .     SeeInvis .   e - +1 short sword
rCold    . . .     Gourm    .   (no shield)
rNeg     . . .     Faith    .   b - +1 robe
rPois    +         Spirit   .   (no helmet)
rElec    .         Reflect  .   (no cloak)
rCorr    .         Harm     .   (no gloves)
MR       .....                  (no boots)
Stlth    ++........             a - amulet of inaccuracy (curse)
HPRegen  0.00/turn              f - +2 ring of strength
MPRegen  0.10/turn              j - ring of poison resistance

@: appendage (expiring), non-regenerating
A: damage resistance, heal wounds, horns 2, sense surroundings 1, no
regeneration
a: Heal Wounds, End Transformation, Animate Remains, Renounce Religion


You were on level 6 of the Dungeon.
You worshipped Yredelemnul.
Yredelemnul was aware of your devotion.
You were near starving.
You had grown temporary horns.
You visited 1 branch of the dungeon, and saw 6 of its levels.

You collected 57 gold pieces.

Inventory:

Hand Weapons
 e - a +1 short sword (weapon)
 k - a +0 shortbow
Missiles
 i - 5 arrows
Armour
 b - a +1 robe (worn)
Jewellery
 a - a cursed amulet of inaccuracy (around neck)
 f - a +2 ring of strength (left hand)
 j - a ring of poison resistance (right hand)
Scrolls
 h - a scroll of identify
Potions
 l - a potion of curing
Books
 c - a book of Changes

   Spells                             Type                      Level
   a - Beastly Appendage              Transmutation                1
   b - Sticks to Snakes               Transmutation                2
   c - Spider Form                    Transmutation/Poison         3
   d - Ice Form                       Ice/Transmutation            4
   e - Blade Hands                    Transmutation                5
Comestibles
 d - 2 rations


   Skills:
 + Level 2.4 Fighting
 + Level 3.1 Short Blades
 + Level 0.7 Bows
 + Level 3.2 Dodging
 + Level 0.7 Stealth
 + Level 3.5 Unarmed Combat
 + Level 2.0 Spellcasting
 + Level 2.5 Transmutations


You had 8 spell levels left.
You knew the following spells:

 Your Spells              Type           Power        Failure   Level  Hunger
a - Beastly Appendage     Tmut           #.....       9%          1    ##.....


Dungeon Overview and Level Annotations

Branches:
Dungeon (6/15)
 Temple: D:4-7

Altars:
Uskayaw
Yredelemnul

Annotations:
D:6 emiel's ghost, amateur FeWr


Innate Abilities, Weirdness & Mutations

You are resistant to damage.
You can heal yourself by infusing magical energy.
You passively map a small area around you.
You do not regenerate.
You have a pair of horns on your head.


Message History

The bullfrog closely misses you. The hound skeleton bites you.
The crimson imp completely misses you. The quokka closely misses you.
The bullfrog hits you but does no damage.
The hound skeleton bites you but does no damage.
Emiel's ghost hits you!
* * * LOW HITPOINT WARNING * * *
The quokka misses you.
The crimson imp shouts, "Despond, thou weedy bat-fowling gonus!"
The bullfrog completely misses you.
For a moment, emiel's ghost blends into the shadows.
Emiel's ghost hits you. The quokka bites you. The bullfrog closely misses you.
The quokka bites you.
* * * LOW HITPOINT WARNING * * *
Your transformation is almost over.
The bullfrog hits you.
* * * LOW HITPOINT WARNING * * *
The bullfrog closely misses you. The quokka barely misses you.
The quokka barely misses you. Emiel's ghost hits you!
You die...
Your body rises from the dead as a mindless zombie.

, ,, , (* #. * #..###
. , ** ., ....### .#*
* * .##.#....#####.#
, ........<.†...##
#.#.###†......#* ,
#..[###..####....#
#.#####.....##* .⌠..,
*#......@F.#....# ,..
#......WrZ####...⌠.⌠
..!....5..# #.#., *
..........###......,,
* ,, .8.8.8(.......#
.................
.........#.######
....%.#..#.# ,
...)_#..#.#


You could see a bullfrog, emiel's ghost, a crimson imp, a quokka and a hound
skeleton.

Vanquished Creatures
  A centaur (D:3)
  A scorpion (D:4)
  A crimson imp (D:5)
  A hound (D:6)
  2 iguanas
  A worker ant (D:6)
  An adder (D:2)
  An ooze (D:1)
  An adder skeleton (D:6)
  3 dart slugs
  5 orcs (D:3)
  2 giant cockroaches
  3 goblins
  4 hobgoblins
  6 jackals
  2 quokkas
  A ball python (D:3)
  A bat (D:1)
  4 frilled lizards
  2 kobolds (D:1)
  A leopard gecko zombie (D:6)
  6 rats (D:1)
50 creatures vanquished.

Notes
Turn   | Place    | Note
-------+----------+-------------------------------------------
     0 | D:1      | Iko the Deep Dwarf Transmuter began the quest for the Orb.
     0 | D:1      | Reached XP level 1. HP: 16/16 MP: 3/3
   182 | D:1      | Reached XP level 2. HP: 13/24 MP: 4/4
   375 | D:1      | HP: 1/24 [ooze (2)]
   638 | D:1      | You fall through a shaft!
   765 | D:2      | Found a basalt altar of Yredelemnul.
   772 | D:2      | Became a worshipper of Yredelemnul the Dark
   785 | D:2      | Reached skill level 1 in Fighting
   785 | D:2      | Reached XP level 3. HP: 27/31 MP: 3/6
   833 | D:2      | Reached skill level 1 in Short Blades
   997 | D:3      | Reached XP level 4. HP: 35/38 MP: 6/6
  1018 | D:3      | Noticed a centaur
  1046 | D:3      | Killed a centaur
  1046 | D:3      | Reached XP level 5. HP: 20/45 MP: 7/7
  1120 | D:4      | Reached * piety under Yredelemnul
  1302 | D:5      | Entered Level 5 of the Dungeon
  1439 | D:6      | Reached XP level 6. HP: 37/52 MP: 8/8
  1486 | D:6      | Found a hide-covered altar of Uskayaw.
  1501 | D:6      | Noticed emiel's ghost (amateur FeWr)
  1518 | D:6      | Slain by emiel's ghost

Skill      XL: |  1  2  3  4  5 |
---------------+----------------+-----
Unarmed Combat | 3 |  3.5
Transmutations | 2 |  2.5
Fighting       | 1 2 |  2.4
Spellcasting   | 2 |  2.0
Short Blades   | 1 2 3 |  3.1
Dodging        | 3 |  3.2
Bows           | |  0.7
Stealth        | |  0.7

Action                   |  1- 3 |  4- 6 || total
-------------------------+-------+-------++-------
Melee: Unarmed           |    14 |       ||    14
       Short sword       |   108 |   158 ||   266
       Headbutt          |     1 |     3 ||     4
       Kick              |     1 |       ||     1
       Punch             |       |     2 ||     2
 Fire: Shortbow          |       |    24 ||    24
 Cast: Beastly Appendage |     2 |     3 ||     5
 Abil: Heal Wounds       |     3 |     6 ||     9
  Use: Potion            |     2 |       ||     2
       Scroll            |     3 |     2 ||     5
 Stab: Sleeping          |     2 |       ||     2
  Eat: Chunk             |       |     1 ||     1
Armor: Robe              |    15 |    30 ||    45
Dodge: Dodged            |    70 |   143 ||   213
